 Dungeon Crawl Stone Soup version 0.32-a0-891-gc41d80381e (webtiles) character file.

Game seed: 9906580647540742450

164 Jinxx the Apothecary (level 5, 0/38 HPs)
             Began as a Merfolk Alchemist on Apr 3, 2024.
             Succumbed to P0WERM0DE's ghost's poison
             ... on level 3 of the Dungeon.
             The game lasted 00:12:26 (3415 turns).

Jinxx the Apothecary (Merfolk Alchemist)            Turns: 3415, Time: 00:12:26

Health: 0/38       AC:  8    Str:  8    XL:     5   Next: 45%
Magic:  7/9        EV: 12    Int: 16    God:
Gold:   153        SH:  0    Dex: 15    Spells: 3/9 levels left

rFire   . . .        u - +1 demon trident (freeze)
rCold   . . .        (no shield)
rNeg    . . .        s - +2 robe {Will+}
rPois   .            (no helmet)
rElec   .            (no cloak)
rCorr   .            (no gloves)
SInv    .            (no boots)
Will    +....        (no amulet)
Stlth   ++           f - +4 ring of protection
HPRegen 0.26/turn    (no ring)
MPRegen 0.11/turn

%: no passive effects
@: lethally poisoned (0 -> -8), attractive
A: (nimble swimmer 2), mertail
a: no special abilities


You were on level 3 of the Dungeon.
You visited 1 branch of the dungeon, and saw 3 of its levels.

You collected 153 gold pieces.

Inventory:

Hand Weapons
 d - a +0 dagger
 e - a +3 short sword
 g - a +2 dagger of speed
 u - a +1 demon trident of freezing (weapon)
Missiles
 t - 4 darts of dispersal
Armour
 s - a +2 robe of willpower (worn)
Jewellery
 f - a +4 ring of protection (left hand)
Scrolls
 h - a scroll of noise {unknown}
 i - 2 scrolls of fog
 j - a scroll of fear {unknown}
 m - 2 scrolls of identify {unknown}
 n - a scroll of blinking
 o - a scroll of amnesia {unknown}
 p - a scroll of poison
 q - a scroll of butterflies {unknown}
 v - a scroll of teleportation {unknown}
Potions
 b - a potion of magic
 c - 2 potions of attraction
 l - 2 potions of degeneration {unknown}
 r - a potion of heal wounds {unknown}


   Skills:
 * Level 1.7 Fighting
 - Level 1.3 Short Blades
 * Level 0.4 Polearms
 + Level 0.4 Armour
 * Level 4.0 Dodging
 + Level 2.6 Stealth
 * Level 2.8 Spellcasting
 + Level 1.2 Conjurations
 + Level 0.5 Air Magic
 * Level 4.7 Alchemy


You had 3 spell levels left.
You knew the following spells:

 Your Spells              Type           Power      Damage    Failure   Level
a - Sting                 Conj/Alch      44%        1d5       5%          1
b - Mercury Vapours       Alch/Air       20%        N/A       10%         2
c - Mephitic Cloud        Conj/Alch/Air  9%         N/A       24%         3

Your spell library contained the following spells:

 Spells                   Type           Power      Damage    Failure   Level
 Sandblast                Erth           4%         2d4       19%         1
 Sublimation of Blood     Necr           2%         N/A       28%         2
 Stone Arrow              Conj/Erth      8%         3d7       41%         3
 Olgreb's Toxic Radiance  Alch           17%        N/A       28%         4
 Petrify                  Alch/Erth      9%         N/A       58%         4
 Sticky Flame             Fire/Alch      9%         2d5       58%         4
 Brom's Barrelling Bould  Conj/Erth      4%         2d3       83%         4
 Irradiate                Conj/Alch      5%         3d13      83%         5


Dungeon Overview and Level Annotations

Branches:
Dungeon (3/15)

Altars:
Wu Jian

Shops:
D:2 [

Annotations:
D:3 P0WERM0DE's ghost, amateur CoCK


Innate Abilities, Weirdness & Mutations

((You are very nimble when in or above water. (Stealth+, EV+, Speed+++)))
Your lower body shifts to a powerful aquatic tail in water.


Message History

P0WERM0DE's ghost closely misses you.
You closely miss P0WERM0DE's ghost.
P0WERM0DE's ghost is heavily damaged.
You feel sick. P0WERM0DE's ghost barely misses you.
You closely miss P0WERM0DE's ghost.
P0WERM0DE's ghost is heavily damaged.
You feel sick.
P0WERM0DE's ghost hits you but does no damage.
P0WERM0DE's ghost misses you.
You closely miss P0WERM0DE's ghost.
P0WERM0DE's ghost is heavily damaged.
You feel sick.
P0WERM0DE's ghost hits you but does no damage.
You are more poisoned.
You hit P0WERM0DE's ghost. You freeze P0WERM0DE's ghost.
P0WERM0DE's ghost is severely damaged.
You feel very sick. P0WERM0DE's ghost misses you.
You closely miss P0WERM0DE's ghost.
P0WERM0DE's ghost is severely damaged.
You feel sick. P0WERM0DE's ghost closely misses you.
P0WERM0DE's ghost barely misses you.
You closely miss P0WERM0DE's ghost.
P0WERM0DE's ghost is severely damaged.
You feel sick.
P0WERM0DE's ghost hits you but does no damage.
You are lethally poisoned!
You closely miss P0WERM0DE's ghost.
P0WERM0DE's ghost is severely damaged.
* * * LOW HITPOINT WARNING * * *
You feel very sick.
P0WERM0DE's ghost completely misses you.
You hit P0WERM0DE's ghost. You freeze P0WERM0DE's ghost.
P0WERM0DE's ghost is almost destroyed.
* * * LOW HITPOINT WARNING * * *
You feel very sick. P0WERM0DE's ghost closely misses you.
You closely miss P0WERM0DE's ghost.
P0WERM0DE's ghost is almost destroyed.
You die...

#.#.......#[......#######....
#.#.......#.......#♣..(.#....
#.#.....).#.......#%..(.#....
#####.#.......####....'.(...#....
.>..#.....##..## #....'....(#....
....#.#...###..## #...'..(..#....
[...............###...#(...(#....
......................#.....#....
#...............@W....#######....
#.........................##.....
#.........................##.....
#.........................###....
#..).>....................#...###
##......[...................#####
##.....#........................
###..######..............#####.
#..# #.#.##.........######


You could see P0WERM0DE's ghost.

Vanquished Creatures
  Jessica (D:2)
  An iguana (D:3)
  4 adders (D:2)
  A dart slug (D:3)
  3 ribbon worms (D:2)
  3 endoplasms
  6 giant cockroaches
  9 goblins
  8 hobgoblins
  2 jackals (D:3)
  2 quokkas
  4 ball pythons
  7 bats
  4 frilled lizards
  6 kobolds
  7 rats
68 creatures vanquished.

Notes
Turn   | Place    | Note
-------+----------+-------------------------------------------
     0 | D:1      | Jinxx the Merfolk Alchemist began the quest for the Orb.
     0 | D:1      | Reached XP level 1. HP: 13/13 MP: 3/3
   200 | D:1      | Reached skill level 1 in Conjurations
   203 | D:1      | Reached XP level 2. HP: 19/19 MP: 3/5
   730 | D:1      | Learned a level 2 spell: Mercury Vapours
   816 | D:1      | Reached XP level 3. HP: 25/25 MP: 3/6
  1306 | D:2      | Found Agiar's Antique Armour Boutique.
  1310 | D:2      | Reached skill level 1 in Short Blades
  1459 | D:2      | Reached skill level 1 in Fighting
  1664 | D:2      | Reached XP level 4. HP: 29/32 MP: 3/7
  1668 | D:2      | Learned a level 3 spell: Mephitic Cloud
  1931 | D:2      | Noticed Jessica
  1957 | D:2      | Killed Jessica
  2395 | D:2      | Reached XP level 5. HP: 37/37 MP: 5/8
  3074 | D:3      | Found a runed translucent gate.
  3074 | D:3      | Found a runed translucent gate.
  3082 | D:3      | Found a runed translucent gate.
  3194 | D:3      | Found an ornate altar of the Wu Jian Council.
  3377 | D:3      | Noticed P0WERM0DE's ghost (amateur CoCK)
  3415 | D:3      | Succumbed to P0WERM0DE's ghost's poison

Illustrated notes

Levels and vault maps discovered:
D:1:      minmay_arrival_five_plusses, layout_basic
D:2:      layout_loops_corners, serial_shops, nicolae_diamond_shop, uniq_jessica
D:3:      layout_rooms, mainiacjoe_overflow_catwalk, ebering_ghost_rock_garden,
          kennysheep_generic_room_15

Skill      XL: |  1  2  3  4  5 |
---------------+----------------+-----
Conjurations   | 1 |  1.2
Dodging        | 3 4 |  4.0
Short Blades   | 1 |  1.3
Fighting       | 1 |  1.7
Polearms       | |  0.4
Armour         | |  0.4
Stealth        | |  2.6
Spellcasting   | |  2.8
Air Magic      | |  0.5
Alchemy        | |  4.7

Action                     |  1- 3 |  4- 6 || total
---------------------------+-------+-------++-------
  Melee: Short sword       |    11 |       ||    11
         Dagger            |    57 |    29 ||    86
         Demon trident     |       |    45 ||    45
   Cast: Sting             |    47 |    22 ||    69
         Mercury Vapours   |     3 |     2 ||     5
    Use: Scroll            |       |     3 ||     3
         Potion            |       |     3 ||     3
   Stab: Sleeping          |     2 |     1 ||     3
         Distracted        |       |     1 ||     1
 Armour: Robe              |    30 |    16 ||    46
  Dodge: Dodged            |    47 |    48 ||    95

Table legend: (Time is in decaauts)
 A = Elapsed time spent in this place.
 B = Non-inter-level travel time spent in this place.
 C = Inter-level travel time spent in this place.
 D = Time resting spent in this place.
 E = Time spent auto-exploring this place.
 F = Levels seen in this place.
 G = Mean time per level.
                   A        B        C        D        E       F      G
               +--------+--------+--------+--------+--------+-----+--------+
         Total |   3391 |   3356 |     35 |    642 |   2041 |   3 | 1130.3 |
       Dungeon |   3391 |   3356 |     35 |    642 |   2041 |   3 | 1130.3 |
               +--------+--------+--------+--------+--------+-----+--------+

Top non-repeatable levels by time:
     D:2: 1658 daAuts
     D:1: 1294 daAuts
     D:3: 437 daAuts
